 Dungeon Crawl Stone Soup version 0.19.5 (webtiles) character file.

6165 spiff the Carver (level 10, -8/73 HPs)
             Began as a High Elf Fighter on Apr 7, 2017.
             Was a Priest of Okawaru.
             Mangled by Snorg (16 damage)
             ... on level 9 of the Dungeon.
             The game lasted 00:28:17 (11488 turns).

spiff the Carver (High Elf Fighter)                Turns: 11488, Time: 00:28:17

Health: -8/73      AC: 18    Str: 18    XL:     10   Next: 60%
Magic:  21/22      EV: 13    Int: 15    God:    Okawaru [***...]
Gold:   514        SH:  6    Dex: 15    Spells: 0 memorised, 9 levels left

rFire  . . .     SeeInvis .     R - +4 great sword
rCold  . . .     Gourm    .     y - +0 plate armour
rNeg   + . .     Faith    .     (shield currently unavailable)
rPois  +         Spirit   .     V - +0 helmet
rElec  .         Reflect  +     (no cloak)
rCorr  .         Harm     .     k - +0 pair of gloves
MR     +....                    (no boots)
Stlth  ..........               r - +6 amulet of reflection
                                I - ring of Noong {+Blink +Inv rPois rN+ Int+2}
                                S - ring of magical power

@: heroism
A: no striking features
a: Heroism, Renounce Religion, Evoke Blink, Evoke Invisibility


You were on level 9 of the Dungeon.
You worshipped Okawaru.
Okawaru was most pleased with you.
You were not hungry.

You visited 2 branches of the dungeon, and saw 11 of its levels.

You collected 514 gold pieces.

Inventory:

Hand Weapons
 a - a +0 long sword
 B - a +1 scimitar
 G - a +3 long sword
 H - a +0 longbow
 R - a +4 great sword (weapon)
Missiles
 u - 14 tomahawks (quivered)
 v - 167 arrows
 U - a throwing net
Armour
 b - a +0 scale mail
 c - a +0 shield
 g - a +2 shield of protection
 k - a +0 pair of gloves (worn)
 y - a +0 plate armour (worn)
 V - a +0 helmet (worn)
Jewellery
 e - an uncursed ring of resist corrosion
 r - a +6 amulet of reflection (around neck)
 I - the ring of Noong (right hand) {+Blink +Inv rPois rN+ Int+2}
   (You found it on level 9 of the Dungeon)

   [ring of positive energy]

   It affects your intelligence (+2).
   It protects you from poison.
   It protects you from negative energy.
   It lets you turn invisible.
   It lets you blink.
 K - an uncursed ring of fire
 S - a ring of magical power (left hand)
Wands
 h - a wand of acid (10/15)
 A - a wand of acid (9/15)
 F - a wand of slowing (25/48)
 J - a wand of heal wounds (4/9)
 L - a wand of iceblast (9/15)
Scrolls
 d - 2 scrolls of enchant weapon
 i - 5 scrolls of magic mapping
 m - a scroll of recharging
 n - 6 scrolls of remove curse
 P - a scroll of amnesia
 Q - 4 scrolls of identify
Potions
 l - 5 potions of curing
 o - a potion of magic
 s - 3 potions of flight
 t - a potion of brilliance
 w - 3 potions of agility {unknown}
 x - a potion of heal wounds
 z - 3 potions of degeneration {unknown}
 D - a potion of invisibility {unknown}
 E - a potion of lignification {unknown}
 O - a potion of cure mutation {unknown}
Books
 q - a book of Necromancy

   Spells                             Type                      Level
   a - Pain                           Necromancy                   1
   b - Animate Skeleton               Necromancy                   1
   c - Vampiric Draining              Necromancy                   3
   d - Regeneration                   Charms/Necromancy            3
   e - Animate Dead                   Necromancy                   4
   f - Control Undead                 Necromancy                   4
 M - a book of Air

   Spells                             Type                      Level
   a - Shock                          Conjuration/Air              1
   b - Swiftness                      Charms/Air                   2
   c - Repel Missiles                 Charms/Air                   2
   d - Static Discharge               Conjuration/Air              3
   e - Lightning Bolt                 Conjuration/Air              5
 N - a book of Changes

   Spells                             Type                      Level
   a - Beastly Appendage              Transmutation                1
   b - Sticks to Snakes               Transmutation                2
   c - Spider Form                    Transmutation/Poison         3
   d - Ice Form                       Ice/Transmutation            4
   e - Blade Hands                    Transmutation                5
Comestibles
 f - 4 bread rations
 j - 3 slices of pizza
 p - 4 meat rations
 C - 3 fruits
 T - 2 chunks of flesh


   Skills:
 + Level 8.4(13.4) Fighting
 + Level 9.9(14.9) Long Blades
 + Level 6.3(11.3) Armour
 + Level 9.3(14.3) Dodging
 - Level 2.6(7.6) Shields
 + Level 3.5 Invocations
 + Level 2.4 Evocations


You had 9 spell levels left.
You didn't know any spells.

Dungeon Overview and Level Annotations

Branches:
Dungeon (10/15)            Temple (1/1) D:7             Orc (0/2) D:10
   Lair: D:8-11

Altars:
Ashenzari
Cheibriados
Dithmenos
Elyvilon
Fedhas
Gozag
Hepliaklqana
Kikubaaqudgha
Makhleb
Nemelex Xobeh
Okawaru
Qazlal
Ru
Sif Muna
Trog
Uskayaw
Vehumet
Xom
Yredelemnul
Zin
The Shining One

Annotations:
D:6 exclusion: downstairs
D:7 Menkaure
D:9 Lucio's ghost, novice MfIE; Snorg


Message History

Snorg bites you. Snorg closely misses you. Snorg claws you!
Okay, then.
You hit Snorg.
Snorg is moderately wounded.
You block Snorg's attack. Snorg claws you. Snorg claws you but does no damage.
Snorg misses you. Snorg closely misses you. Snorg claws you.
Okay, then.
You hit Snorg.
Snorg is moderately wounded.
Snorg bites you!
* * * LOW HITPOINT WARNING * * *
Snorg claws you.
* * * LOW HITPOINT WARNING * * *
You block Snorg's attack.
You barely miss Snorg.
Snorg is moderately wounded.
Snorg closely misses you.
You riposte.
You hit Snorg.
Snorg is moderately wounded.
Snorg barely misses you. Snorg claws you!
You die...

#.#.#.#.### #........##
#.#.#.#.# #######.##
#...#...# #....#
###....##### ##'#####
#.........# #......#
#.........# #.(....#
#.........# #......#
#.[...T...# #......#
#.....@...# ###......##
#.........# #.'.....[).
#.[.......###.#......##
#.........'...#......#
#.........#####......#
########### ##+#####
#.....## #####..#
#######'#


You could see Snorg (berserk).

Vanquished Creatures
  Nergalle (D:10)
  Prince Ribbit (D:8)
  A hippogriff (D:8)
  A wyvern (D:10)
  4 yaks (D:10)
  A hungry ghost (D:9)
  A warg (D:10)
  A water moccasin (D:8)
  An orc warrior (D:6)
  A black bear (D:10)
  2 sky beasts
  3 ice beasts
  A phantom (D:4)
  5 ogres
  A centaur (D:9)
  A big kobold (D:9)
  6 bullfrogs
  A wyvern skeleton (D:10)
  3 scorpions
  9 wights
  5 killer bees (D:9)
  2 howler monkeys
  A crimson imp (D:7)
  A quasit (D:10)
  5 hounds
  3 jellies
  A bullfrog skeleton (D:7)
  5 orc priests
  7 orc wizards
  A centaur skeleton (D:6)
  3 worker ants
  5 iguanas
  A killer bee zombie (D:7)
  3 hound skeletons
  A worker ant zombie (D:9)
  16 adders
  A shadow imp (D:10)
  2 oozes (D:3)
  2 adder skeletons
  7 worms
  A dart slug (D:3)
  5 leopard geckos
  28 orcs
  7 bats
  13 giant cockroaches
  9 goblins
  12 hobgoblins
  9 jackals
  4 quokkas
  3 ball pythons
  8 frilled lizards
  8 kobolds
  9 rats
233 creatures vanquished.

Vanquished Creatures (others)
  3 centaurs
  An orc wizard (D:4)
4 creatures vanquished.

Grand Total: 237 creatures vanquished

Notes
Turn   | Place    | Note
-------+----------+-------------------------------------------
     0 | D:1      | spiff the High Elf Fighter began the quest for the Orb.
     0 | D:1      | Reached XP level 1. HP: 16/16 MP: 2/2
    43 | D:1      | Reached skill level 1 in Dodging
    85 | D:1      | Reached XP level 2. HP: 19/21 MP: 3/3
   581 | D:2      | Reached XP level 3. HP: 22/26 MP: 4/4
   786 | D:2      | Reached XP level 4. HP: 19/31 MP: 5/5
  1657 | D:2      | Found a shattered altar of Ashenzari.
  2081 | D:2      | Reached XP level 5. HP: 25/37 MP: 6/6
  2804 | D:3      | Found a basalt altar of Yredelemnul.
  2813 | D:3      | Found a glowing golden altar of the Shining One.
  3063 | D:3      | Noticed an angel
  3069 | D:3      | Noticed a profane servitor
  3236 | D:3      | Reached XP level 6. HP: 38/43 MP: 7/7
  3860 | D:4      | Reached skill level 5 in Long Blades
  4015 | D:4      | Found a white marble altar of Elyvilon.
  4240 | D:4      | Reached XP level 7. HP: 17/49 MP: 8/8
  4498 | D:4      | Reached skill level 5 in Fighting
  4498 | D:4      | Reached skill level 5 in Dodging
  4521 | D:5      | Entered Level 5 of the Dungeon
  5161 | D:5      | Found an opulent altar of Gozag.
  5372 | D:5      | Reached XP level 8. HP: 57/57 MP: 9/9
  5459 | D:5      | Found a blossoming altar of Fedhas.
  5460 | D:5      | Found a sacrificial altar of Ru.
  5799 | D:6      | Found a shadowy altar of Dithmenos.
  5970 | D:6      | Found a shimmering altar of Xom.
  6264 | D:7      | Noticed a hill giant
  6683 | D:7      | Found a staircase to the Ecumenical Temple.
  6694 | Temple   | Entered the Ecumenical Temple
  6705 | Temple   | Became a worshipper of Warmaster Okawaru
  6843 | D:7      | Noticed Menkaure
  7403 | D:7      | Reached XP level 9. HP: 63/63 MP: 10/10
  8038 | D:8      | Found an ancient bone altar of Kikubaaqudgha.
  8127 | D:8      | Noticed Prince Ribbit
  8144 | D:8      | Killed Prince Ribbit
  8144 | D:8      | Reached * piety under Okawaru
  8999 | D:9      | Reached skill level 5 in Armour
  9675 | D:9      | Reached ** piety under Okawaru
  9724 | D:9      | Reached skill level 1 in Invocations
  9743 | D:9      | Noticed Lucio's ghost (novice MfIE)
 10411 | D:9      | Reached XP level 10. HP: 70/72 MP: 12/12
 10425 | D:9      | Got a crude brass ring
 10426 | D:9      | Identified the ring of Noong {+Blink +Inv rPois rN+ Int+2} (You found it on level 9 of the Dungeon)
 10539 | D:10     | Entered Level 10 of the Dungeon
 10733 | D:10     | Reached skill level 1 in Evocations
 10865 | D:10     | Noticed Nergalle
 10890 | D:10     | Killed Nergalle
 10890 | D:10     | Reached *** piety under Okawaru
 11292 | D:10     | Found a staircase to the Orcish Mines.
 11338 | D:10     | Noticed Snorg
 11488 | D:9      | Mangled by Snorg

Skill      XL: |  1  2  3  4  5  6  7  8  9 10 |
---------------+-------------------------------+-----
Dodging        | 1 2 3 4 6 7 8 9 |  9.3
Long Blades    | 3 4 5 6 8 9 |  9.9
Fighting       | 4 5 6 7 8 |  8.4
Armour         | 4 5 6 |  6.3
Invocations    | 1 3 |  3.5
Evocations     | 2 |  2.4
Shields        | |  2.6

Action                   |  1- 3 |  4- 6 |  7- 9 | 10-12 || total
-------------------------+-------+-------+-------+-------++-------
Melee: Long sword        |   106 |   379 |   137 |       ||   622
       Scimitar          |       |       |   454 |    77 ||   531
       Great sword       |       |       |       |    68 ||    68
Invok: Heroism           |       |       |     2 |     3 ||     5
Evoke: Wand              |       |       |     1 |       ||     1
  Use: Scroll            |       |     7 |     5 |     5 ||    17
       Potion            |       |     1 |     3 |     1 ||     5
  Eat: Chunk             |       |    12 |    17 |     3 ||    32
       Pizza             |       |       |     1 |       ||     1
       Bread ration      |       |       |     1 |       ||     1
       Fruit             |       |       |     1 |       ||     1
Armor: Scale mail        |    49 |   139 |    28 |       ||   216
       Plate armour      |       |       |   154 |    71 ||   225
Dodge: Dodged            |    33 |   120 |    80 |    62 ||   295
Block: Shield            |    59 |   276 |   447 |    59 ||   841
       Reflection        |       |       |    12 |     9 ||    21
       Other             |       |       |       |    28 ||    28
       Rpst.: Long sword |    11 |    34 |     4 |       ||    49
       Scimitar          |       |       |    15 |     5 ||    20
       Great sword       |       |       |       |    12 ||    12
